 Dungeon Crawl Stone Soup version 0.21-a0-528-gf531e82 (webtiles) character file.

2750 Amnesiac the Shooter (level 9, -12/69 HPs)
             Began as a Mummy Hunter on Dec 8, 2017.
             Was a Follower of Okawaru.
             Mangled by an ogre
             ... wielding a +0 giant spiked club
              (20 damage)
             ... on level 7 of the Dungeon.
             The game lasted 00:14:23 (11517 turns).

Amnesiac the Shooter (Mummy Hunter)                Turns: 11517, Time: 00:14:24

Health: -12/69     AC:  6    Str: 18    XL:     9   Next: 41%
Magic:  10/10      EV: 13    Int: 11    God:    Okawaru [*.....]
Gold:   353        SH:  0    Dex: 12    Spells: 8/8 levels left

rFire    . . .     SeeInvis .   a - +1 shortbow
rCold    . . .     Gourm    .   (shield currently unavailable)
rNeg     + + +     Faith    .   i - +0 ring mail
rPois    ∞         Spirit   .   (no helmet)
rElec    .         Reflect  .   (no cloak)
rCorr    .         Harm     .   (no gloves)
MR       +....                  (no boots)
Stlth    ..........             (no amulet)
HPRegen  0.21/turn              z - ring of loudness (curse)
MPRegen  0.12/turn              v - ring of fire

@: no status effects
A: no food or potions, fire vulnerability, cold resistance 1, negative energy
resistance 3, torment resistance, unbreathing
a: Heroism, Renounce Religion


You were on level 7 of the Dungeon.
You worshipped Okawaru.
Okawaru was aware of your devotion.
You were not hungry.

You visited 2 branches of the dungeon, and saw 8 of its levels.

You collected 353 gold pieces.

Inventory:

Hand Weapons
 a - a +1 shortbow (weapon)
 b - a +1 dagger of venom
 m - a +0 hunting sling
 s - a +0 falchion of slicing
 t - a +0 scimitar
 w - a +0 flail
Missiles
 c - 55 sling bullets
 d - 57 arrows (quivered)
 e - 11 bolts
 k - 250 stones
 x - 5 javelins of returning
 y - 9 poisoned needles
Armour
 i - a +0 ring mail (worn)
Magical Staves
 n - an uncursed staff of energy
Jewellery
 g - an uncursed ring of see invisible
 v - a ring of fire (right hand)
 z - a cursed ring of loudness (left hand)
Wands
 h - a wand of random effects (20)
Scrolls
 f - 7 scrolls of identify {!r}
 j - 3 scrolls of enchant armour {!r}
 l - 2 scrolls of remove curse {!r}
 o - 3 scrolls of teleportation {!r, unknown}
 p - a scroll of immolation {!r, unknown}
 q - a scroll of enchant weapon {!r, unknown}
 r - a scroll of fog {!r, unknown}
 u - a scroll of vulnerability {!r, unknown}
 A - a scroll of fear {!r, unknown}


   Skills:
 + Level 5.8 Fighting
 * Level 7.4 Bows
 + Level 4.8 Armour
 + Level 4.8 Dodging
 - Level 0.7 Stealth
 + Level 2.2 Invocations


You had 8 spell levels left.
You didn't know any spells.

Dungeon Overview and Level Annotations

Branches:
Dungeon (7/15)             Temple (1/1) D:5

Altars:
Fedhas
Gozag
Hepliaklqana
Makhleb
Okawaru
Ru
Trog
Vehumet
Zin
The Shining One

Shops:
D:4 :


Innate Abilities, Weirdness & Mutations

You do not eat or drink.
Your flesh is vulnerable to fire.
You are immune to poison.
Your flesh is cold resistant. (rC+)
You are immune to negative energy. (rN+++)
You are immune to unholy pain and torment.
You can survive without breathing.


Message History

Aim: an orc (severely wounded)
You shoot an arrow.
The arrow hits the orc but does no damage.
The orc is severely wounded.
The orc closely misses you.
Firing (i - inventory. (,) - cycle):
d - 67 arrows (quivered)
Press: ? - help, Shift-Dir - straight line, f/p - orc
Aim: an orc (severely wounded)
You shoot an arrow. The arrow hits the orc!
You kill the orc!
Okawaru accepts your kill.
Firing (i - inventory. (,) - cycle):
d - 66 arrows (quivered)
Press: ? - help, Shift-Dir - straight line, f - ogre
Aim: an ogre, wielding a giant spiked club You shoot an arrow.
The arrow hits the ogre but does no damage.
Firing (i - inventory. (,) - cycle):
d - 65 arrows (quivered)
Press: ? - help, Shift-Dir - straight line, f/p - ogre
Aim: an ogre, wielding a giant spiked club You shoot an arrow.
The arrow hits the ogre!
The ogre is moderately wounded.
Firing (i - inventory. (,) - cycle):
d - 64 arrows (quivered)
Press: ? - help, Shift-Dir - straight line, f/p - ogre
Aim: an ogre, wielding a giant spiked club (moderately wounded)
You shoot an arrow. The arrow hits the ogre!
The ogre is heavily wounded.
The ogre barely misses you.
Firing (i - inventory. (,) - cycle):
d - 63 arrows (quivered)
Press: ? - help, Shift-Dir - straight line, f/p - ogre
Aim: an ogre, wielding a giant spiked club (heavily wounded)
You shoot an arrow. The arrow hits the ogre.
The ogre is severely wounded.
Firing (i - inventory. (,) - cycle):
d - 62 arrows (quivered)
Press: ? - help, Shift-Dir - straight line, f/p - ogre
Aim: an ogre, wielding a giant spiked club (severely wounded)
You shoot an arrow. The arrow hits the ogre.
The ogre is severely wounded.
The ogre hits you with a giant spiked club!!
* * * LOW HITPOINT WARNING * * *
Firing (i - inventory. (,) - cycle):
d - 61 arrows (quivered)
Press: ? - help, Shift-Dir - straight line, f/p - ogre
Aim: an ogre, wielding a giant spiked club (severely wounded)
You shoot an arrow. The arrow hits the ogre.
The ogre is almost dead.
The ogre hits you with a giant spiked club!
* * * LOW HITPOINT WARNING * * *
Firing (i - inventory. (,) - cycle):
d - 60 arrows (quivered)
Press: ? - help, Shift-Dir - straight line, f/p - ogre
Aim: an ogre, wielding a giant spiked club (almost dead)
You shoot an arrow.
The arrow hits the ogre but does no damage.
The ogre is almost dead.
Unknown command.
Firing (i - inventory. (,) - cycle):
d - 59 arrows (quivered)
Press: ? - help, Shift-Dir - straight line, f/p - ogre
Aim: an ogre, wielding a giant spiked club (almost dead)
You shoot an arrow. The arrow barely misses the ogre.
The ogre closely misses you.
Firing (i - inventory. (,) - cycle):
d - 58 arrows (quivered)
Press: ? - help, Shift-Dir - straight line, f/p - ogre
Aim: an ogre, wielding a giant spiked club (almost dead)
You shoot an arrow. The arrow barely misses the ogre.
The ogre hits you with a giant spiked club!!
You die...

.# #.....†.........# .#
#...............##
.######................##
........................#####
.#..........###..............
##......#######..............
#....%.# #............#
#.%...## ##...........+
#.....# #..@........# #.....#
#..O....###.# #.^...#
#..((.### # #####.# ##+##)#
.# .)# .((# ..?.# .....#
.....(.


You could see an ogre.

Vanquished Creatures
  A two-headed ogre (D:5)
  Purgy (D:4)
  An orc warrior (D:1)
  2 sky beasts
  2 phantoms
  An ogre (D:4)
  2 centaurs (D:5)
  A bullfrog (D:7)
  2 scorpions
  3 wights (D:6)
  A howler monkey (D:4)
  A centaur skeleton (D:4)
  6 orc priests
  2 bullfrog skeletons
  3 hounds
  6 orc wizards
  A gnoll shaman (D:6)
  Jessica (D:2)
  2 iguanas (D:5)
  4 worker ants
  A worker ant zombie (D:5)
  7 gnolls
  10 adders
  3 worms (D:2)
  4 dart slugs
  2 leopard geckos
  27 orcs
  A ball python (D:3)
  6 bats
  7 giant cockroaches
  5 goblins
  4 hobgoblins
  15 jackals
  5 quokkas
  6 frilled lizards
  5 kobolds
  A quokka skeleton (D:4)
  2 quokka zombies
  8 rats
162 creatures vanquished.

Notes
Turn   | Place    | Note
-------+----------+-------------------------------------------
     0 | D:1      | Amnesiac the Mummy Hunter began the quest for the Orb.
     0 | D:1      | Reached XP level 1. HP: 16/16 MP: 1/1
   101 | D:1      | Reached skill level 1 in Armour
   120 | D:1      | Reached XP level 2. HP: 19/22 MP: 2/2
   391 | D:2      | Noticed Jessica
   394 | D:2      | Killed Jessica
   394 | D:2      | Reached XP level 3. HP: 27/27 MP: 3/3
   455 | D:2      | Noticed an orc warrior
  1247 | D:2      | Found a faded altar of an unknown god.
  1270 | D:2      | Reached XP level 4. HP: 12/34 MP: 4/4
  2338 | D:3      | Found a radiant altar of Vehumet.
  2362 | D:3      | Reached skill level 4 in Bows
  2362 | D:3      | Reached XP level 5. HP: 17/39 MP: 5/5
  3778 | D:3      | Found a radiant altar of Vehumet.
  4294 | D:4      | Noticed a phantom
  4299 | D:4      | Reached XP level 6. HP: 45/47 MP: 6/6
  4670 | D:4      | Noticed Purgy
  4716 | D:4      | Killed Purgy
  4716 | D:4      | Reached skill level 5 in Bows
  4716 | D:4      | Reached XP level 7. HP: 28/53 MP: 7/7
  4976 | D:4      | Found Voreupha's Book Shop.
  5118 | D:4      | Found a glowing golden altar of the Shining One.
  5710 | D:4      | Found a glowing golden altar of the Shining One.
  5857 | D:4      | Found Voreupha's Book Shop.
  6026 | D:5      | Entered Level 5 of the Dungeon
  6253 | D:2      | Found a faded altar of an unknown god.
  6820 | D:2      | Found a faded altar of an unknown god.
  7766 | D:5      | Reached XP level 8. HP: 12/61 MP: 8/8
  7772 | D:5      | Found a staircase to the Ecumenical Temple.
  7780 | Temple   | Entered the Ecumenical Temple
  8048 | Temple   | Became a worshipper of Warmaster Okawaru
  8257 | D:5      | Reached skill level 6 in Bows
  9659 | D:5      | Reached skill level 5 in Fighting
  9839 | D:6      | Noticed a two-headed ogre
 10829 | D:6      | Reached skill level 1 in Invocations
 11130 | D:6      | Reached XP level 9. HP: 47/68 MP: 9/9
 11386 | D:5      | Killed a two-headed ogre
 11386 | D:5      | Reached * piety under Okawaru
 11386 | D:5      | Reached skill level 7 in Bows
 11517 | D:7      | Mangled by an ogre

Vault maps used:
D:1:      scummos_arrival_forest
D:2:      chequers_ecumenical_altar_simple, st_stairs_5, uniq_jessica
D:3:      lemuel_round_altar
D:4:      tso_altar, serial_shops, nicolae_shop_statue_plus, uniq_purgy
D:5:      minmay_temple_entry_crystal_x, first_bread
D:7:      marbit_many_paths, gammafunk_temple_overflow_statue,
          nicolae_ossuary_entry_monument, grunt_ogre_cave,
          eino_small_chamber_without_monster, trog_hazing_becter
Temple:   nicolae_temple_elliptical

Skill      XL: |  1  2  3  4  5  6  7  8  9 |
---------------+----------------------------+-----
Armour         | 1 2 3 4 |  4.8
Dodging        | 2 3 4 |  4.8
Bows           | 4 5 6 7 |  7.4
Fighting       | 3 4 5 |  5.8
Invocations    | 1 2 |  2.2
Stealth        | |  0.7

Action                   |  1- 3 |  4- 6 |  7- 9 || total
-------------------------+-------+-------+-------++-------
Melee: Short sword       |    33 |    41 |       ||    74
       Flail             |       |    22 |       ||    22
       Dagger            |       |    87 |   294 ||   381
 Fire: Shortbow          |    59 |    67 |   111 ||   237
Throw: Javelin           |       |       |     5 ||     5
Evoke: Wand              |       |       |     4 ||     4
  Use: Scroll            |     1 |     2 |     1 ||     4
Armor: Leather armour    |    33 |     9 |       ||    42
       Ring mail         |       |    50 |    83 ||   133
Dodge: Dodged            |    74 |   121 |   235 ||   430

Table legend:
 A = Spawn XP
 B = Non-spawn XP
 C = Spawn XP percentage of total XP
 D = Spawn monster count
 E = Non-spawn monster count
 F = Spawn count percentage of total count
 G = Total turns spent on level
                    A         B        C        D         E        F      G
               +---------+---------+-------+---------+---------+-------+---------
         Total |       0 |    3929 |   0.0 |       0 |     162 |   0.0 | 11517
               +---------+---------+-------+---------+---------+-------+---------
           D:1 |       0 |     174 |   0.0 |       0 |      25 |   0.0 |  1078
           D:2 |       0 |     106 |   0.0 |       0 |      26 |   0.0 |  2323
           D:3 |       0 |     230 |   0.0 |       0 |      26 |   0.0 |  2649
           D:4 |       0 |     802 |   0.0 |       0 |      25 |   0.0 |  1649
           D:5 |       0 |    1681 |   0.0 |       0 |      32 |   0.0 |  2049
           D:6 |       0 |     673 |   0.0 |       0 |      20 |   0.0 |  1380
           D:7 |       0 |     261 |   0.0 |       0 |       7 |   0.0 |   102
        Temple |       0 |       2 |   0.0 |       0 |       1 |   0.0 |   287
               +---------+---------+-------+---------+---------+-------+---------
